 Dungeon Crawl Stone Soup version 0.31.0-9-g3a7656b989 (webtiles) character file.

Game seed: 4913435433923391500

63737 Drazool the Covert (level 15, -5/88 HPs)
             Began as a Kobold Earth Elementalist on Jan 24, 2024.
             Was a High Priest of Sif Muna.
             Slain by a sun demon (16 damage)
             ... summoned by an orc sorcerer
             ... on level 2 of the Orcish Mines.
             The game lasted 02:02:33 (26105 turns).

Drazool the Covert (Kobold Earth Elementalist)     Turns: 26105, Time: 02:02:34

Health: -5/88      AC:  9    Str:  5 (7)  XL:     15   Next: 51%
Magic:  11/29      EV: 19    Int: 22 (23) God:    Sif Muna [*****.]
Gold:   1237       SH:  0    Dex: 14 (15) Spells: 4/34 levels left

rFire   . . .        a - +9 war axe "Beetleslayer" {flame, Will++ SInv}
rCold   . . .        (no shield)
rNeg    . . .        I - +0 toga "Victory" {*Victory Clar}
rPois   +            N - +2 hat
rElec   .            O - +0 cloak
rCorr   .            c - +2 pair of gloves
SInv    +            S - +0 pair of boots
Will    +++..        i - amulet of magic regeneration
Stlth   ++++++       L - ring of flight
HPRegen 0.34/turn    P - ring of poison resistance
MPRegen 0.61/turn

%: clarity
@: about to teleport, flying
A: small, no large weapons, nightstalker 3
a: Renounce Religion, Channel Magic, Forget Spell, Divine Exegesis


You were on level 2 of the Orcish Mines.
You worshipped Sif Muna.
Sif Muna was extremely pleased with you.
You visited 4 branches of the dungeon, and saw 19 of its levels.
You also visited: Ossuary and Ice Cave.

You collected 1801 gold pieces.
You spent 564 gold pieces at shops.


Innate Abilities, Weirdness & Mutations

You are small and have problems with some larger weapons.
You are completely attuned to the shadows.


   Skills:
 - Level 8.0 Fighting
 - Level 3.3 Axes
 - Level 3.0 Staves
 - Level 2.2 Throwing
 - Level 4.0 Armour
 - Level 10.0 Dodging
 - Level 12.0 Stealth
 - Level 10.0 Spellcasting
 - Level 9.3 Conjurations
 - Level 5.2 Translocations
 + Level 8.2 Air Magic
 - Level 11.0 Earth Magic
 - Level 5.0 Alchemy
 - Level 7.0 Invocations
 - Level 5.0 Evocations


You had 4 spell levels left.
You knew the following spells:

 Your Spells              Type           Power      Damage    Failure   Level
a - Passwall              Erth           56%        N/A       1%          3
p - Petrify               Alch/Erth      46%        N/A       2%          4
u - Passage of Golubria   Tloc           33%        N/A       7%          4
w - Stone Arrow           Conj/Erth      100%       3d13      1%          3
z - Sandblast             Erth           100%       2d20      1%          1
B - Blink                 Tloc           66%        N/A       1%          2
X - Brom's Barrelling Bo  Conj/Erth      54%        2d7       1%          4
Y - Arcjolt               Conj/Air       24%        1d34      4%          5
Z - Vhi's Electric Charg  Tloc/Air       80%        N/A       3%          4

Your spell library contained the following spells:

 Spells                   Type           Power      Damage    Failure   Level
 Apportation              Tloc           66%        N/A       1%          1
 Magic Dart               Conj           100%       1d8       1%          1
 Sting                    Conj/Alch      100%       1d9       1%          1
 Cigotuvi's Dreadful Rot  Necr/Alch/Air  60%        N/A       1%          2
 Mephitic Cloud           Conj/Alch/Air  44%        N/A       1%          3
 Dazzling Flash           Conj/Hex       62%        N/A       2%          3
 Leda's Liquefaction      Alch/Erth      23%        N/A       2%          4
 Fulminant Prism          Conj/Alch      21%        3d12      3%          4
 Necrotise                Necr           44%        1d6       6%          1
 Slow                     Hex            44%        N/A       6%          1
 Summon Small Mammal      Summ           44%        N/A       6%          1
 Manifold Assault         Tloc           33%        N/A       7%          4
 Olgreb's Toxic Radiance  Alch           33%        N/A       8%          4
 Call Imp                 Summ           22%        N/A       9%          2
 Call Canine Familiar     Summ           11%        N/A       19%         3
 Confusing Touch          Hex            11%        N/A       19%         3
 Ozocubu's Armour         Ice            11%        N/A       19%         3
 Sigil of Binding         Hex            11%        N/A       19%         3
 Vampiric Draining        Necr           11%        2d6       19%         3
 Dimensional Bullseye     Hex/Tloc       11%        N/A       21%         4
 Ignite Poison            Fire/Alch      22%        N/A       22%         4
 Anguish                  Hex/Necr       5%         N/A       52%         4
 Summon Blazeheart Golem  Fire/Summ      11%        N/A       52%         4
 Freezing Cloud           Conj/Ice/Air   18%        6-21      16%         5
 Silence                  Hex/Air        14%        N/A       30%         5
 Curse of Agony           Necr           11%        N/A       86%         5
 Ozocubu's Refrigeration  Ice            5%         4d8       100%        7
 Maxwell's Capacitive Co  Air            23%        ∞         100%        8

Inventory:

Hand Weapons
 a - the +9 war axe "Beetleslayer" (weapon) {flame, Will++ SInv}
   (You found it on level 1 of the Lair of Beasts)

   Will++:    It greatly increases your willpower.
   SInv:      It lets you see invisible.
Missiles
 k - 8 curare-tipped darts {=f}
 p - 4 throwing nets {=f}
Armour
 c - a +2 pair of gloves (worn)
 I - the +0 toga "Victory" (worn) {*Victory Clar}
   (You found it on level 7 of the Dungeon)

   *Victory:  When the wearer kills a threatening monster, it has a chance to
   gain +1 AC, +1 Slay, and +1 Int, capping at +7.
   When the wearer uses a scroll or a potion with a hostile monster in sight,
   its bonuses reset to +0.
   Unequipping it also resets its bonuses to +0.
   Clar:      It protects you from confusion, rage, mesmerisation and fear.
 N - a +2 hat (worn)
 O - a +0 cloak (worn)
 S - a +0 pair of boots (worn)
Magical Staves
 e - a staff of alchemy {!a}
 x - a staff of earth {!a}
Jewellery
 i - an amulet of magic regeneration (around neck)
 D - a +6 ring of dexterity
 F - a ring of fire
 L - a ring of flight (left hand)
 P - a ring of poison resistance (right hand)
 W - an amulet of reflection
Wands
 J - a wand of flame (8)
 K - a wand of roots (11)
 Y - a wand of digging (4)
 Z - a wand of light (5)
Scrolls
 d - a scroll of butterflies
 f - 3 scrolls of brand weapon {unknown}
 j - 3 scrolls of poison
 m - 6 scrolls of amnesia
 s - 3 scrolls of blinking
 v - a scroll of enchant weapon {unknown}
 y - 4 scrolls of teleportation {@r2}
 A - 2 scrolls of vulnerability
 C - 2 scrolls of noise
 Q - a scroll of acquirement {unknown}
 R - a scroll of immolation
 V - a scroll of fog {unknown}
 X - a scroll of silence {!r}
Potions
 b - a potion of magic
 g - 6 potions of brilliance
 h - a potion of resistance
 l - 7 potions of enlightenment
 n - 5 potions of might
 o - 4 potions of curing {@q1}
 q - 2 potions of attraction
 t - 3 potions of heal wounds {@q2}
 z - a potion of mutation {unknown}
 B - a potion of lignification
 G - a potion of ambrosia {unknown}
 H - a potion of berserk rage {!q}
Miscellaneous
 M - a phial of floods

Dungeon Overview and Level Annotations

Branches:
Dungeon (11/15)            Temple (1/1) D:7            Lair (5/5) D:9
 Shoals (0/4) Lair:3       Spider (0/4) Lair:2        Slime (0/5) Lair:4
    Orc (2/2) D:11        Ossuary (visited)           IceCv (visited)
    Elf: Orc:2

Altars:
Ashenzari
Cheibriados
Dithmenos
Elyvilon
Fedhas
Gozag
Hepliaklqana
Kikubaaqudgha
Makhleb
Nemelex Xobeh
Okawaru
Qazlal
Ru
Sif Muna
Trog
Uskayaw
Vehumet
Wu Jian
Xom
Yredelemnul
Zin
The Shining One
Jiyva

Shops:
D:1 (   D:8 **   D:11 (*

Annotations:
D:7 1 runed translucent door

..##......##.......##
.........####.....##
.......### ##...##
...#####
▓▓▓▓▓▓▓▓▓▓▓▓▓
▓...▓...▓...▓ ###
▓...▓...▓...▓ ###...
▓▓'▓▓▓'▓▓▓)▓▓ #.....
.▓.).).....▓####@....
.▓..).▓▓▓▓▓▓#..3....#
.▓..^.▓.$▓###......##
......'..▓#......$...
)▓▓▓▓.▓..▓#.....###..
.▓.)▓.▓▓▓▓....###
.▓(.'.▓▓▓▓.§..#
.▓).▓.^3.'....#
.▓▓▓▓.▓▓▓▓##...#


You could see a sun demon (summoned).


Message History

Blink to where?
Press: ? - help, Dir - move target
As you read the scroll of blinking, it crumbles to dust.
The +0 toga "Victory" stops glowing.
Press: ? - help, v - describe, . - travel The floor.
Blink to where?
Press: ? - help, Dir - move target
Found 17 gold pieces.
As you read the scroll of blinking, it crumbles to dust.
A troll comes into view.
Unknown command.
You feel much better.
As you read the scroll of teleportation {@r2}, it crumbles to dust.
You feel strangely unstable.
Aiming: Stone Arrow (safe; 1% risk of failure)
Press: ? - help, Q - select action, (/) - cycle Shift-Dir - straight line, f - troll
Aim: a troll (78% to hit)
The stone arrow hits the troll!!
The troll is heavily wounded.
Aiming: Stone Arrow (safe; 1% risk of failure)
Press: ? - help, Q - select action, (/) - cycle Shift-Dir - straight line, f/p - troll
Aim: a troll (heavily wounded, 78% to hit)
The stone arrow hits the troll!!
You kill the troll!
Sif Muna accepts your kill. The sun demon hits you!
* * * LOW HITPOINT WARNING * * *
You are engulfed in flames!
You die...

Skill      XL: |  1  2  3  4  5  6  7  8  9 10 11 12 13 14 15 |
---------------+----------------------------------------------+-----
Earth Magic    | 4 5 6 7 8 9 11 | 11.0
Conjurations   | 2 3 5 6 7 8 9 |  9.3
Spellcasting   | 3 5 6 7 8 10 | 10.0
Stealth        | 4 6 10 12 | 12.0
Dodging        | 3 4 6 7 8 10 | 10.0
Fighting       | 3 4 6 7 8 |  8.0
Armour         | 2 4 |  4.0
Invocations    | 3 5 7 |  7.0
Evocations     | 3 5 |  5.0
Alchemy        | 3 5 |  5.0
Staves         | 3 |  3.0
Throwing       | 2 |  2.2
Translocations | 3 5 |  5.2
Air Magic      | 6 8 |  8.2
Axes           | 3 |  3.3

Action                     |  1- 3 |  4- 6 |  7- 9 | 10-12 | 13-15 || total
---------------------------+-------+-------+-------+-------+-------++-------
  Melee: Hand axe          |     2 |       |       |       |       ||     2
         Unarmed           |     2 |       |       |       |       ||     2
         Dagger            |       |     3 |       |       |       ||     3
         Staff             |       |       |       |       |     3 ||     3
  Throw: Dart              |       |       |       |     1 |     3 ||     4
         Throwing net      |       |       |       |     1 |       ||     1
   Cast: Sandblast         |    39 |    76 |    91 |   146 |       ||   352
         Stone Arrow       |       |     8 |    54 |   231 |   678 ||   971
         Passwall          |       |     2 |     1 |    16 |    35 ||    54
         Brom's Barrelling |       |       |     1 |    46 |    93 ||   140
         Petrify           |       |       |       |     7 |     9 ||    16
         Arcjolt           |       |       |       |       |     1 ||     1
         Passage of Golubr |       |       |       |       |     5 ||     5
         Blink             |       |       |       |       |     3 ||     3
 Invoke: Channel Magic     |       |       |       |     1 |     1 ||     2
  Evoke: Wand              |       |       |       |     5 |    10 ||    15
    Use: Scroll            |       |     3 |     6 |     7 |    14 ||    30
         Potion            |       |     2 |       |       |     9 ||    11
 Armour: Robe              |    22 |    34 |    19 |    87 |   214 ||   376
  Dodge: Dodged            |    30 |    43 |    30 |   162 |   323 ||   588

Levels and vault maps discovered:
D:1:      amcnicky_arrival_blooded_trapdoor, layout_loops_ring, serial_shops,
          nicolae_shop_bloodbath_and_beyond
D:2:      layout_basic, shapermc_ecumenical_altar_flowoftime,
          kennysheep_big_empty_room
D:3:      layout_rooms, mainiacjoe_overflow_tiny_flanked
D:4:      layout_gridville
D:5:      layout_loops_cross, nicolae_dithmenos_the_darkroom,
          general_overflow_altar, serial_undead, serial_undead_f,
          serial_undead_c, serial_undead_d, serial_undead_b, serial_undead_c,
          serial_undead_b, nicolae_sextant, minivault_14
D:6:      layout_basic, cheibriados_altar_1, mainiacjoe_overflow_catwalk,
          chequers_serial_rivers_micro_b
D:7:      layout_cave_pools, nicolae_overflow_guarded_unrand_okawaru_victory,
          nicolae_hepliaklqana_monster_ancestors, minmay_temple_entry_ruins,
          ebering_ghost_reflecting_pool, nicolae_ossuary_entry_giza,
          uniq_menkaure, uniq_maggie
D:8:      layout_layer_cave, nicolae_specific_store
D:9:      argonaut_augean_stables, layout_cave_pods, grunt_temple_overflow_open,
          minmay_lair_entry_grove, st_stairs_7, david_defended_altar_orc
D:10:     layout_loops_cross, lemuel_crystal_altar, roadster_trireme
D:11:     layout_cave_pools, orc_david_3, serial_shops,
          nicolae_shop_hallway_stairs, grunt_ministairs_15,
          serial_library_hellmonk_small_alcove
Temple:   hellmonk_temple_flake
Lair:1:   layout_chaotic_city, portal_ice_cave_entry_ice_simulacra,
          nicolae_volcano_entry_lava_flow, grunt_megastairs_1,
          serial_bayou_shore_a, infiniplex_staircase_pool
Lair:2:   layout_hall_layers, nicolae_spider_entry_orb_guardian, basic_altar,
          dreamdust_mushroom_princess
Lair:3:   layout_loops_ring, minmay_shoals_entry_lonely_mermaid,
          nzn_masters_of_martial_movement, grunt_megastairs_3
Lair:4:   layout_regular_city, slime_entry_1, nicolae_lair_lil_pond
Lair:5:   guppyfry_lair_end_dragon, layout_big_grid,
          hangedman_lair_tendril_chambers
Orc:1:    layout_caves
Orc:2:    pubby_orc_utopia, serial_shops

Notes
Turn   | Place    | Note
-------+----------+-------------------------------------------
     0 | D:1      | Drazool the Kobold Earth Elementalist began the quest for
                  | the Orb.
     0 | D:1      | Reached XP level 1. HP: 10/10 MP: 3/3
   155 | D:1      | Reached XP level 2. HP: 15/15 MP: 3/5
   621 | D:1      | Found Roimn's Weapon Shop.
   654 | D:1      | Reached skill level 4 in Earth Magic
   654 | D:1      | Reached XP level 3. HP: 19/19 MP: 4/6
   660 | D:1      | Learned a level 3 spell: Passwall
  1203 | D:2      | Reached skill level 2 in Conjurations
  1362 | D:2      | Reached XP level 4. HP: 24/24 MP: 5/7
  1394 | D:2      | Learned a level 3 spell: Stone Arrow
  1590 | D:2      | Reached skill level 3 in Spellcasting
  1866 | D:2      | Found a faded altar of an unknown god.
  2300 | D:3      | Found an opulent altar of Gozag.
  2355 | D:3      | Reached XP level 5. HP: 28/28 MP: 7/9
  2496 | D:3      | Reached skill level 3 in Conjurations
  2496 | D:3      | Reached skill level 3 in Stealth
  2643 | D:4      | Reached skill level 4 in Stealth
  2643 | D:4      | Reached skill level 3 in Dodging
  2839 | D:4      | Reached XP level 6. HP: 32/32 MP: 10/10
  3138 | D:4      | Noticed a black bear
  3165 | D:4      | Killed a black bear
  3166 | D:4      | Reached skill level 4 in Dodging
  3166 | D:4      | Reached skill level 2 in Fighting
  3306 | D:4      | Reached skill level 3 in Fighting
  3709 | D:4      | Reached XP level 7. HP: 41/41 MP: 7/11
  3780 | D:4      | Reached skill level 5 in Earth Magic
  3892 | D:5      | Entered Level 5 of the Dungeon
  3988 | D:5      | Reached skill level 4 in Conjurations
  4263 | D:5      | Reached skill level 5 in Conjurations
  4263 | D:5      | Reached XP level 8. HP: 46/46 MP: 8/13
  4269 | D:5      | Learned a level 4 spell: Brom's Barrelling Boulder
  4444 | D:5      | Found a shadowy altar of Dithmenos.
  4543 | D:5      | Found a shimmering altar of Xom.
  4552 | D:5      | Reached skill level 4 in Spellcasting
  4729 | D:5      | Reached skill level 4 in Fighting
  5208 | D:6      | Reached skill level 6 in Earth Magic
  5299 | D:6      | Found a snail-covered altar of Cheibriados.
  5305 | D:6      | Reached skill level 6 in Conjurations
  5372 | D:6      | Found a bloodstained altar of Trog.
  5528 | D:6      | Reached skill level 5 in Spellcasting
  5528 | D:6      | Reached XP level 9. HP: 52/52 MP: 13/16
  5553 | D:6      | Reached skill level 1 in Armour
  5629 | D:6      | Reached skill level 2 in Armour
  6039 | D:7      | Found a staircase to the Ecumenical Temple.
  6045 | Temple   | Entered the Ecumenical Temple
  6076 | Temple   | Became a worshipper of Sif Muna the Loreminder
  6123 | D:7      | Noticed Menkaure
  6129 | D:7      | Killed Menkaure
  6130 | D:7      | Reached skill level 7 in Earth Magic
  6130 | D:7      | Reached skill level 1 in Invocations
  6131 | D:7      | Reached skill level 2 in Invocations
  6143 | D:7      | Found a sand-covered staircase.
  6152 | Ossuary  | Entered an ossuary
  6262 | Ossuary  | Reached * piety under Sif Muna
  6304 | Ossuary  | Identified a +0 robe of resistance
  6582 | Ossuary  | Reached skill level 3 in Invocations
  6582 | Ossuary  | Reached skill level 1 in Evocations
  6684 | D:7      | Reached skill level 2 in Evocations
  6716 | D:7      | Found a runed translucent door.
  6720 | D:7      | Reached skill level 3 in Evocations
  6818 | D:7      | Reached skill level 5 in Stealth
  6944 | D:7      | Noticed Maggie
  6952 | D:7      | Killed Maggie
  6953 | D:7      | Reached skill level 7 in Conjurations
  6953 | D:7      | Reached skill level 6 in Stealth
  6953 | D:7      | Reached XP level 10. HP: 56/56 MP: 4/17
  6984 | D:7      | Found an iron altar of Okawaru.
  6984 | D:7      | Found a runed translucent door.
  7289 | D:7      | Found a hazy altar of Hepliaklqana.
  7381 | D:7      | Found the +0 toga "Victory" {*Victory Clar}
  7436 | D:7      | Reached skill level 6 in Spellcasting
  7521 | D:7      | Reached skill level 5 in Fighting
  7871 | D:8      | Reached skill level 6 in Fighting
  7947 | D:8      | Reached ** piety under Sif Muna
  7974 | D:8      | Reached skill level 4 in Invocations
  8128 | D:8      | Reached skill level 5 in Invocations
  8137 | D:8      | Reached skill level 5 in Dodging
  8193 | D:8      | Reached skill level 6 in Dodging
  8296 | D:8      | Learned a level 4 spell: Petrify
  8510 | D:8      | Noticed a two-headed ogre
  8528 | D:8      | Killed a two-headed ogre
  8529 | D:8      | Reached skill level 3 in Alchemy
  8529 | D:8      | Reached XP level 11. HP: 64/64 MP: 11/20
  9155 | D:8      | Found Xazuyrch's Specific Store.
  9156 | D:8      | Found Kucod's General Store.
  9164 | D:8      | Bought a scroll of identify for 24 gold pieces
  9594 | D:9      | Reached skill level 4 in Alchemy
 10005 | D:9      | Reached skill level 7 in Fighting
 10005 | D:9      | Reached skill level 6 in Invocations
 10101 | D:9      | Found a staircase to the Lair.
 10157 | D:9      | Reached skill level 7 in Invocations
 10206 | D:9      | Reached skill level 4 in Evocations
 10290 | D:9      | Found a sparkling altar of Nemelex Xobeh.
 10335 | D:9      | Reached skill level 5 in Evocations
 10576 | D:9      | Reached skill level 7 in Dodging
 10682 | D:9      | Reached *** piety under Sif Muna
 10894 | D:9      | Reached skill level 8 in Earth Magic
 10926 | D:9      | Found a white marble altar of Elyvilon.
 11224 | D:9      | Reached skill level 5 in Alchemy
 11539 | D:9      | Reached skill level 7 in Spellcasting
 11672 | D:10     | Entered Level 10 of the Dungeon
 11772 | D:10     | Found an ancient bone altar of Kikubaaqudgha.
 11774 | D:10     | Noticed a two-headed ogre
 11782 | D:10     | Killed a two-headed ogre
 11783 | D:10     | Reached XP level 12. HP: 72/72 MP: 19/22
 11838 | D:10     | Reached skill level 8 in Conjurations
 11838 | D:10     | Reached skill level 1 in Staves
 11864 | D:10     | Reached skill level 2 in Staves
 11943 | D:10     | Reached skill level 3 in Staves
 12260 | D:10     | Reached skill level 7 in Stealth
 12283 | D:10     | Reached skill level 8 in Stealth
 12326 | D:10     | Reached **** piety under Sif Muna
 12616 | D:10     | Found a glowing silver altar of Zin.
 12775 | D:10     | Reached skill level 1 in Throwing
 12865 | Lair:1   | Entered Level 1 of the Lair of Beasts
 12875 | Lair:1   | Reached skill level 2 in Throwing
 12900 | Lair:1   | Learned a level 2 spell: Blink
 12960 | Lair:1   | Noticed a death yak
 13014 | Lair:1   | Found a frozen archway.
 13055 | IceCv    | Entered an ice cave
 13060 | IceCv    | Reached skill level 1 in Translocations
 13134 | IceCv    | Reached skill level 2 in Translocations
 13256 | IceCv    | Reached skill level 9 in Stealth
 13525 | IceCv    | Noticed a white draconian
 13629 | Lair:1   | Identified the +9 war axe "Beetleslayer" {flame, Will++
                  | SInv}
 13642 | Lair:1   | Noticed a death yak
 13643 | Lair:1   | Noticed a death yak
 13761 | Lair:1   | Reached skill level 10 in Stealth
 13922 | Lair:1   | Reached skill level 8 in Dodging
 14009 | Lair:1   | Reached skill level 3 in Translocations
 14252 | Lair:1   | Killed a death yak
 14258 | Lair:1   | Killed a death yak
 14259 | Lair:1   | Reached skill level 9 in Earth Magic
 14259 | Lair:1   | Reached XP level 13. HP: 76/76 MP: 3/23
 14959 | Lair:2   | Reached skill level 8 in Spellcasting
 15071 | Lair:2   | Reached skill level 9 in Dodging
 15247 | Lair:2   | Found a hole to the Spider Nest.
 15349 | Lair:2   | Noticed a four-headed hydra
 15542 | Lair:2   | Reached skill level 10 in Dodging
 15621 | Lair:2   | Reached ***** piety under Sif Muna
 15698 | Lair:2   | Found a sacrificial altar of Ru.
 15998 | Lair:2   | Killed a four-headed hydra
 15999 | Lair:2   | Reached skill level 10 in Earth Magic
 16307 | Lair:3   | Noticed a catoblepas
 16325 | Lair:3   | Killed a catoblepas
 16474 | Lair:3   | Reached skill level 11 in Earth Magic
 16639 | Lair:3   | Reached skill level 3 in Armour
 16726 | Lair:3   | Reached skill level 4 in Armour
 16942 | Lair:3   | Noticed a five-headed hydra
 16965 | Lair:3   | Killed a five-headed hydra
 17093 | Lair:3   | Found an ornate altar of the Wu Jian Council.
 17094 | Lair:3   | Found a hide-covered altar of Uskayaw.
 17116 | Lair:3   | Reached skill level 8 in Fighting
 17213 | Lair:3   | Reached XP level 14. HP: 84/84 MP: 18/26
 17323 | Lair:3   | Found a staircase to the Shoals.
 17968 | Lair:4   | Reached skill level 9 in Spellcasting
 18020 | Lair:4   | Upgraded the game from 0.31.0-7-gf635a9b802 to
                  | 0.31.0-9-g3a7656b989
 18408 | Lair:4   | Found a viscous altar of Jiyva.
 18408 | Lair:4   | Found a staircase to the Slime Pits.
 18920 | Lair:4   | Reached skill level 10 in Spellcasting
 19443 | Lair:5   | Entered Level 5 of the Lair of Beasts
 19533 | Lair:5   | Reached skill level 9 in Conjurations
 19664 | Lair:5   | Received a gift from Sif Muna
 19669 | Lair:5   | Got Sif Muna's Octavo of Septic Frostbite {god gift}
 19837 | Lair:5   | Reached skill level 11 in Stealth
 20088 | Lair:5   | Reached skill level 12 in Stealth
 20280 | Lair:5   | Learned a level 5 spell: Arcjolt
 20304 | Lair:5   | Reached skill level 1 in Air Magic
 20414 | Lair:5   | Reached skill level 2 in Air Magic
 20612 | Lair:5   | Reached skill level 3 in Air Magic
 20804 | Lair:5   | Reached skill level 4 in Air Magic
 21016 | Lair:5   | Reached skill level 5 in Air Magic
 21317 | Lair:5   | Received a gift from Sif Muna
 21586 | Lair:5   | Reached skill level 6 in Air Magic
 21676 | Lair:5   | Reached XP level 15. HP: 71/88 MP: 21/29
 22258 | Lair:5   | Reached skill level 7 in Air Magic
 22628 | D:8      | Learned a level 4 spell: Vhi's Electric Charge
 22796 | D:11     | Reached skill level 1 in Axes
 22957 | D:11     | Found Utiarph's Assorted Antiques.
 22964 | D:11     | Bought 2 scrolls of blinking for 405 gold pieces
 22964 | D:11     | Bought an agate ring for 135 gold pieces
 23066 | D:11     | Found Cezoph's Weapon Shoppe.
 23068 | D:11     | Found a staircase to the Orcish Mines.
 23200 | D:11     | Reached skill level 2 in Axes
 23550 | Orc:1    | Entered Level 1 of the Orcish Mines
 23736 | D:11     | Identified 2 potions of resistance
 23833 | Orc:1    | Reached skill level 3 in Axes
 23997 | Orc:1    | Noticed an orc warlord
 24210 | Orc:1    | HP: 7/88 [orc warlord/+4 broad axe (25)]
 24216 | Orc:1    | Killed an orc warlord
 24660 | Orc:1    | Received a gift from Sif Muna
 24662 | Orc:1    | Got Sif Muna's Advanced Guide to Witchcraft {god gift}
 24673 | Orc:1    | Learned a level 4 spell: Passage of Golubria
 25090 | Orc:2    | Entered Level 2 of the Orcish Mines
 25409 | Orc:2    | Reached skill level 4 in Translocations
 25834 | Orc:2    | Reached skill level 5 in Translocations
 25899 | Orc:2    | Reached skill level 8 in Air Magic
 26094 | Orc:2    | HP: 2/88 [sun demon[an orc sorcerer] (10)]
 26105 | Orc:2    | Slain by a sun demon

Vanquished Creatures
  An orc warlord (Orc:1)
  2 catoblepae (Lair:3)
  An ice dragon (Lair:5)
  4 hydras
  A boulder beetle (Lair:3)
  8 death yaks
  6 two-headed ogres
  3 skysharks
  A swamp dragon (Lair:5)
  An orb spider (Lair:2)
  A wolf spider (Lair:5)
  2 orc sorcerers (Orc:1)
  8 black mambas
  A merfolk siren (Lair:3)
  2 kobold blastminers (Orc:2)
  A guardian serpent (Lair:5)
  5 elephants (Lair:2)
  Maggie (D:7)
  2 unseen horrors (D:11)
  14 cane toads
  2 kobold demonologists (D:10)
  8 rime drakes
  7 komodo dragons
  6 trolls
  A merfolk (D:10)
  5 hornets
  8 blink frogs
  A vampire (D:9)
  2 wraiths (D:10)
  18 wyverns
  65 yaks
  9 basilisks
  A warg (D:11)
  3 steam dragons
  2 vampire mosquitoes (D:11)
  5 redbacks (Lair:5)
  Menkaure (D:7)
  27 water moccasins
  A black bear (D:4)
  2 swamp drakes (Lair:5)
  2 ice beasts
  30 orc warriors
  3 sky beasts
  8 ogres
  6 wolves (Lair:1)
  6 centaurs
  3 phantoms
  6 kobold brigands
  5 scorpions
  A wyvern zombie (D:5)
  12 bullfrogs
  A gnoll sergeant (D:10)
  2 water moccasin zombies (D:5)
  A burial acolyte (Ossuary)
  13 wights
  3 lindwurm simulacra (IceCv)
  A water moccasin skeleton (D:5)
  A killer bee (D:9)
  An electric eel (Lair:1)
  2 bombardier beetles
  6 howler monkeys
  A bullfrog zombie (D:5)
  2 hounds
  4 komodo dragon simulacra (IceCv)
  2 jellies
  2 gnoll boudas (D:8)
  11 orc priests
  A bullfrog skeleton (D:5)
  A sleepcap (D:6)
  11 orc wizards
  4 iguanas (Lair:5)
  A scorpion zombie (D:5)
  2 wolf simulacra (Lair:1)
  2 mummies
  A howler monkey zombie (D:5)
  6 acid dragon simulacra (IceCv)
  9 adders
  19 gnolls
  A shadow imp (D:8)
  A white imp (D:5)
  5 steam dragon simulacra (IceCv)
  2 ufetubi (D:5)
  2 dart slugs
  3 ribbon worms
  87 orcs
  5 ball pythons
  4 bats
  3 endoplasms
  3 giant cockroaches
  4 goblins
  5 hobgoblins
  4 jackals (D:1)
  20 kobolds
  2 quokkas (D:2)
  3 frilled lizards
  8 gnoll skeletons (Ossuary)
  A hobgoblin zombie (D:7)
  7 kobold skeletons (Ossuary)
  5 orc skeletons (Ossuary)
  An orc zombie (D:7)
  7 rats
  A spectral kobold (D:7)
615 creatures vanquished.

Vanquished Creatures (collateral kills)
  30 boulders
30 creatures vanquished.

Vanquished Creatures (others)
  34 boulders
34 creatures vanquished.

Grand Total: 679 creatures vanquished

Table legend: (Time is in decaauts)
 A = Elapsed time spent in this place.
 B = Non-inter-level travel time spent in this place.
 C = Inter-level travel time spent in this place.
 D = Time resting spent in this place.
 E = Time spent auto-exploring this place.
 F = Levels seen in this place.
 G = Mean time per level.
                   A        B        C        D        E       F      G
               +--------+--------+--------+--------+--------+-----+--------+
         Total |  26370 |  25098 |   1272 |   5622 |  12837 |  21 | 1255.7 |
       Dungeon |  13679 |  12783 |    896 |   2086 |   8213 |  11 | 1243.5 |
        Temple |     42 |     11 |     31 |      0 |      0 |   1 |   42.0 |
          Lair |   9176 |   8907 |    269 |   2101 |   4011 |   5 | 1835.2 |
  Orcish Mines |   2365 |   2290 |     75 |   1084 |    541 |   2 | 1182.5 |
       Ossuary |    533 |    533 |      0 |    106 |     65 |   1 |  533.0 |
      Ice Cave |    572 |    572 |      0 |    245 |      6 |   1 |  572.0 |
               +--------+--------+--------+--------+--------+-----+--------+

Top non-repeatable levels by time:
  Lair:5: 3051 daAuts
     D:8: 2122 daAuts
     D:9: 2036 daAuts
  Lair:4: 1782 daAuts
  Lair:1: 1636 daAuts
   Orc:1: 1584 daAuts
  Lair:3: 1436 daAuts
     D:4: 1350 daAuts
  Lair:2: 1269 daAuts
    D:10: 1198 daAuts
     D:7: 1149 daAuts
     D:1: 1147 daAuts
     D:5: 1054 daAuts
    D:11: 1051 daAuts
     D:2: 925 daAuts

Table legend:
 A = Non-vault XP
 B = Vault XP
 C = Vault XP percentage of total XP
 D = Non-vault monster count
 E = Vault monster count
 F = Vault count percentage of total count
                 A         B        C        D         E       F
            +---------+---------+-------+---------+---------+-------
      Total |   58242 |   33123 |  36.3 |     388 |     227 |  36.9
            +---------+---------+-------+---------+---------+-------
        D:1 |      46 |       0 |   0.0 |      25 |       0 |   0.0
        D:2 |      51 |       0 |   0.0 |      17 |       0 |   0.0
        D:3 |     102 |       0 |   0.0 |      20 |       0 |   0.0
        D:4 |     460 |       0 |   0.0 |      22 |       0 |   0.0
        D:5 |     273 |     551 |  66.9 |       7 |       9 |  56.2
        D:6 |    1011 |       0 |   0.0 |      22 |       0 |   0.0
        D:7 |     663 |    1410 |  68.0 |      11 |      16 |  59.3
        D:8 |    3054 |     428 |  12.3 |      36 |       2 |   5.3
        D:9 |    2260 |    4378 |  66.0 |      17 |      26 |  60.5
       D:10 |    4309 |     845 |  16.4 |      31 |      14 |  31.1
       D:11 |    2476 |    1053 |  29.8 |      13 |       8 |  38.1
     Lair:1 |    6736 |     630 |   8.6 |      25 |       5 |  16.7
     Lair:2 |    7487 |     665 |   8.2 |      20 |       1 |   4.8
     Lair:3 |    8248 |    1794 |  17.9 |      25 |       4 |  13.8
     Lair:4 |    7261 |       0 |   0.0 |      16 |       0 |   0.0
     Lair:5 |    9398 |   13960 |  59.8 |      37 |      55 |  59.8
      Orc:1 |    4407 |     160 |   3.5 |      44 |       9 |  17.0
      Orc:2 |       0 |    5831 | 100.0 |       0 |      34 | 100.0
    Ossuary |       0 |     250 | 100.0 |       0 |      24 | 100.0
      IceCv |       0 |    1168 | 100.0 |       0 |      20 | 100.0
            +---------+---------+-------+---------+---------+-------
